 Dungeon Crawl Stone Soup version 0.32-a0-630-g46d191b0ed (webtiles) character file.

Game seed: 6677023723846721288

70 dialectric the Ducker (level 4, -4/34 HPs)
             Began as a Coglin Gladiator on Mar 6, 2024.
             Was an Initiate of Hepliaklqana.
             Slain by Natasha (9 damage)
             ... on level 3 of the Dungeon.
             The game lasted 00:01:55 (1434 turns).

dialectric the Ducker (Coglin Gladiator)            Turns: 1434, Time: 00:01:55

Health: -4/34      AC:  5    Str: 14    XL:     4   Next: 22%
Magic:  4/4        EV: 13    Int:  7    God:    Hepliaklqana [......]
Gold:   96         SH:  0    Dex: 20    Spells: 3/3 levels left

rFire   . . .        a - +0 trident {Zayda}
rCold   . . .        f - +0 dagger {Wogas}
rNeg    . . .        b - +0 leather armour
rPois   +            t - +1 helmet "Puage" {Harm rPois Dex+2}
rElec   .            (no cloak)
rCorr   .            (no gloves)
SInv    .            (no boots)
Will    .....        (amulet unavailable)
Stlth   +            (ring unavailable)
HPRegen 0.25/turn    (ring unavailable)
MPRegen 0.09/turn    (no gizmo)

%: harm (+30% outgoing, +20% incoming)
@: slowed, revving, very slow
A: off-hand wielding, slow wielding, warmup strikes, no jewellery
a: Invent Gizmo, Renounce Religion


You were on level 3 of the Dungeon.
You worshipped Hepliaklqana.
Hepliaklqana was noncommittal.
You visited 1 branch of the dungeon, and saw 3 of its levels.

You collected 96 gold pieces.

Inventory:

Hand Weapons
 a - a +0 trident (weapon) {Zayda}
 f - a +0 dagger (offhand) {Wogas}
Missiles
 d - 3 throwing nets
 e - a javelin (quivered)
Armour
 b - a +0 leather armour (worn)
 c - a +0 helmet
 t - the +1 helmet "Puage" (worn) {Harm rPois Dex+2}
   (You found it on level 3 of the Dungeon)

   Dex+2:     It affects your dexterity (+2).
   rPois:     It protects you from poison.
   Harm:      It increases damage dealt and taken.
Scrolls
 g - 2 scrolls of identify {unknown}
 h - a scroll of torment {unknown}
 i - 3 scrolls of fear {unknown}
 m - a scroll of enchant armour {unknown}
 p - a scroll of teleportation {unknown}
 u - a scroll of revelation {unknown}
Potions
 j - 2 potions of resistance {unknown}
 k - 3 potions of curing {unknown}
 l - a potion of heal wounds {unknown}
 n - a potion of berserk rage {unknown}
 o - a potion of magic {unknown}
 q - a potion of invisibility {unknown}
 r - a potion of attraction {unknown}
 s - a potion of degeneration {unknown}


   Skills:
 + Level 2.7 Fighting
 + Level 3.1 Polearms
 * Level 2.4 Throwing
 + Level 0.6 Armour
 + Level 3.2 Dodging


You had 3 spell levels left.
You didn't know any spells.
Your spell library contained the following spells:

 Spells                   Type           Power      Damage    Failure   Level
 Freeze                   Ice            0%         1d3       52%         1
 Frozen Ramparts          Ice            0%         1d1       87%         3
 Hailstorm                Conj/Ice       0%         3d5       87%         3
 Iskenderun's Battlesphe  Conj           0%         2d6       100%        5
 Bombard                  Conj/Erth      0%         9d1       100%        6
 Spellforged Servitor     Conj/Summ      0%         N/A       100%        7


Dungeon Overview and Level Annotations

Branches:
Dungeon (3/15)

Altars:
Hepliaklqana

Annotations:
D:3 Natasha


Innate Abilities, Weirdness & Mutations

You can wield a second weapon in your off-hand.
It takes a long time for you to wield or remove held weapons.
Your first few attacks do less damage.
You cannot equip rings or amulets.


Message History

Natasha is nearby!
Natasha is nearby!
Natasha casts a spell at you. The magic dart hits you.
An orc priest comes into view. It is wielding a +0 hand axe.
The orc priest shouts!
You hear a shout!
You reach to attack!
You hit Natasha with your +0 trident.
Natasha stares at you and mumbles some strange words.
The magic dart hits you!
You reach to attack!
You barely miss Natasha with your +0 trident.
An orc comes into view. It is wielding a +1 whip of venom.
Natasha stares at you and mumbles some strange words.
The magic dart hits you.
You hit Natasha with your +0 dagger.
Natasha is heavily wounded.
You hit Natasha but do no damage.
Natasha zaps a wand.
The puff of flame hits you.
You are too injured to fight recklessly!
You are too injured to fight recklessly!
You are too injured to fight recklessly!
You are too injured to fight recklessly!
You are too injured to fight recklessly!
You are too injured to fight recklessly!
You are too injured to fight recklessly!
Unknown command.
An orc comes into view. It is wielding a +0 flail.
Natasha casts a spell at you.
You feel yourself slow down.
The orc shouts!
An orc comes into view. It is wielding a +0 short sword.
The orc priest calls down the wrath of Beogh upon you.
Beogh smites you!
* * * LOW HITPOINT WARNING * * *
A bombardier beetle comes into view.
There is a stone staircase leading up here.
Natasha claws you!
You die...
Natasha curls up and begins to purr.
Hepliaklqana delivers you to your ancestors.

.........# ...........#
o..........# B..........#
...o...<...#
.....o.....########
.......o...........
.......h...........
.......@...........
###########........
##########........
.................. .
.................. ########.
####....##.(...... .........
........'.........
.#######.#####....###.......
.'..†..#.# #......+.......


You could see a bombardier beetle, an orc priest, Natasha and 3 orcs.

Vanquished Creatures
  4 adders
  A ribbon worm (D:2)
  7 ball pythons
  4 giant cockroaches
  3 goblins (D:1)
  2 jackals (D:1)
  2 kobolds
  A quokka (D:1)
  4 bats
  5 rats
33 creatures vanquished.

Notes
Turn   | Place    | Note
-------+----------+-------------------------------------------
     0 | D:1      | dialectric the Coglin Gladiator began the quest for the
                  | Orb.
     0 | D:1      | Reached XP level 1. HP: 16/16 MP: 1/1
   183 | D:1      | Reached XP level 2. HP: 22/22 MP: 2/2
   760 | D:2      | Found a hazy altar of Hepliaklqana.
   844 | D:2      | Reached XP level 3. HP: 28/28 MP: 3/3
   850 | D:2      | Became a worshipper of Hepliaklqana the Forgotten
  1140 | D:2      | Reached XP level 4. HP: 23/34 MP: 4/4
  1354 | D:3      | Identified the +1 helmet "Puage" {Harm rPois Dex+2}
  1426 | D:3      | Noticed Natasha
  1434 | D:3      | Slain by Natasha

Illustrated notes

Levels and vault maps discovered:
D:1:      minmay_arrival_doors, layout_loops_ring, amcnicky_mini_pool_small
D:2:      layout_rooms, basic_altar
D:3:      layout_basic, mainiacjoe_overflow_brackets, uniq_natasha

Skill      XL: |  1  2 |
---------------+-------+-----
Polearms       | 3 |  3.1
Dodging        | 3 |  3.2
Throwing       | 2 |  2.4
Fighting       | |  2.7
Armour         | |  0.6

Action                     |  1- 3 |  4- 6 || total
---------------------------+-------+-------++-------
  Melee: Trident           |    68 |     9 ||    77
         Dagger            |    51 |     6 ||    57
  Throw: Javelin           |     1 |       ||     1
   Stab: Sleeping          |     1 |       ||     1
 Armour: Leather armour    |    24 |     8 ||    32
  Dodge: Dodged            |    31 |     5 ||    36

Table legend: (Time is in decaauts)
 A = Elapsed time spent in this place.
 B = Non-inter-level travel time spent in this place.
 C = Inter-level travel time spent in this place.
 D = Time resting spent in this place.
 E = Time spent auto-exploring this place.
 F = Levels seen in this place.
 G = Mean time per level.
                   A        B        C        D        E       F      G
               +--------+--------+--------+--------+--------+-----+--------+
         Total |   1441 |   1384 |     57 |      0 |   1113 |   3 |  480.3 |
       Dungeon |   1441 |   1384 |     57 |      0 |   1113 |   3 |  480.3 |
               +--------+--------+--------+--------+--------+-----+--------+

Top non-repeatable levels by time:
     D:1: 764 daAuts
     D:2: 476 daAuts
     D:3: 201 daAuts
